 Dungeon Crawl Stone Soup version 0.30-a0-778-g2ef04afb54 (webtiles) character file.

Game seed: 12212709794678099205

734 BigDaddyOpFi the Gusty (level 7, 0/59 HPs)
             Began as an Ogre Air Elementalist on Feb 15, 2023.
             Slain by a bog mummy (8 damage)
             ... in an ossuary.
             The game lasted 00:08:40 (6442 turns).

BigDaddyOpFi the Gusty (Ogre Air Elementalist)      Turns: 6442, Time: 00:08:40

Health: 0/59       AC:  4    Str: 13    XL:     7   Next: 74%
Magic:  1/13       EV: 10    Int: 18    God:
Gold:   282        SH:  0    Dex:  9    Spells: 11/14 levels left

rFire   + . .      SeeInvis .    b - +0 flail
rCold   . . .      Faith    .    (no shield)
rNeg    + . .      Spirit   .    a - +1 robe
rPois   .          Reflect  .    (helmet restricted)
rElec   .          Harm     .    (no cloak)
rCorr   .          Rampage  .    (gloves unavailable)
Will    .....                    (boots unavailable)
Stlth   ++                       l - amulet of regeneration
HPRegen 1.09/turn                k - ring of protection from fire
MPRegen 0.13/turn                f - ring of positive energy

@: slowed, very slow
A: large, unfitting armour, tough skin 1, mutation resistance 1
a: no special abilities


You were in an ossuary.
You visited 1 branch of the dungeon, and saw 5 of its levels.
You also visited: Ossuary.

You collected 282 gold pieces.

Inventory:

Hand Weapons
 b - a +0 flail (weapon)
 d - a +0 club
 i - the +3 sling "Naxoresh" {speed, Int+3 Stlth+}
   (You found it on level 4 of the Dungeon)

   Int:       It affects your intelligence (+3).
   Stlth:     It makes you more stealthy.
Missiles
 g - a throwing net
Armour
 a - a +1 robe (worn)
Jewellery
 f - a ring of positive energy (right hand)
 k - a ring of protection from fire (left hand)
 l - an amulet of regeneration (around neck)
Wands
 m - a wand of polymorph (5)
Scrolls
 c - a scroll of identify
 h - 2 scrolls of amnesia
Potions
 o - a potion of attraction


   Skills:
 + Level 2.2 Maces & Flails
 + Level 3.5 Dodging
 + Level 3.0 Stealth
 + Level 4.2 Spellcasting
 + Level 2.8 Conjurations
 * Level 4.6 Air Magic


You had 11 spell levels left.
You knew the following spells:

 Your Spells              Type           Power      Damage    Failure   Level
a - Shock                 Conj/Air       68%        1d7       3%          1
b - Static Discharge      Conj/Air       34%        2-4/arc   4%          2

Your spell library contained the following spells:

 Spells                   Type           Power      Damage    Failure   Level
 Magic Dart               Conj           56%        1d5       4%          1
 Swiftness                Air            20%        N/A       6%          3
 Searing Ray              Conj           28%        2d5       7%          2
 Summon Small Mammal      Summ           12%        N/A       14%         1
 Ensorcelled Hibernation  Hex/Ice        6%         N/A       22%         2
 Passwall                 Tmut/Erth      2%         N/A       22%         2
 Airstrike                Air            10%        2d(2-18)  22%         4
 Call Canine Familiar     Summ           3%         N/A       41%         3
 Gell's Gravitas          Tloc           3%         N/A       41%         3
 Summon Guardian Golem    Hex/Summ       3%         N/A       41%         3
 Teleport Other           Tloc           3%         N/A       41%         3
 Fulminant Prism          Conj/Hex       4%         3d5       63%         4
 Dispersal                Tloc           1%         N/A       100%        6


Dungeon Overview and Level Annotations

Branches:
Dungeon (5/15)            Ossuary (1/1)
 Temple: D:4-7

Altars:
Dithmenos
Nemelex Xobeh

Shops:
D:4 *([   D:5 [


Innate Abilities, Weirdness & Mutations

You are too large for most types of armour.
You have tough skin. (AC +1)
You are somewhat resistant to further mutation.


Message History

The zap hits the hornet zombie but does no damage.
The hornet zombie is moderately damaged.
The zap misses the hornet zombie.
The zap hits you but does no damage. The hornet zombie closely misses you.
Casting: Shock (safe; 3% risk of failure)
Confirm with . or Enter, or press ? or * to list all spells.
You don't have enough magic to cast this spell.
You sock the hornet zombie!
The hornet zombie is moderately damaged.
Your surroundings seem slightly different.
Splash!
You fall into the shallow water.
The hornet zombie barely misses you.
A howler monkey zombie comes into view.
The hornet zombie closely misses you.
You open the door. The hornet zombie hits you.
A bog mummy comes into view.
Something unseen opens the door.
A killer bee zombie comes into view.
The bog mummy gestures at you while chanting.
You feel yourself slow down.
A bog mummy comes into view.
As you read the scroll of fog, it crumbles to dust.
The scroll dissolves into smoke.
The hornet zombie hits you.
* * * LOW HITPOINT WARNING * * *
The hornet zombie hits you.
* * * LOW HITPOINT WARNING * * *
The bog mummy hits you.
* * * LOW HITPOINT WARNING * * *
You enter the shallow water.
The killer bee zombie closely misses you.
The killer bee zombie hits you.
* * * LOW HITPOINT WARNING * * *
The hornet zombie barely misses you. The bog mummy casts a spell at you.
You easily resist.
You hit the bog mummy but do no damage. The hornet zombie hits you.
* * * LOW HITPOINT WARNING * * *
The hornet zombie completely misses you.
The bog mummy hits you!
You die...

#.MP#.
~~#.~~#+#
~~~~.M.~+
#~#####.#
###
#...#~+.~≈
#.∩.§§#~#
#∩..#§§P#
#####Z###
#.§@M§≈#
###M###≈≈≈≈


#ZZ #≈ 'M#~ #~'.~ #~# ~# ~.~ ## ≈.~ You could see 3 bog mummies, a killer bee
zombie, a hornet zombie and a howler monkey zombie.

Vanquished Creatures
  A black bear (D:4)
  A phantom (D:4)
  2 scorpions (D:4)
  A bullfrog zombie (Ossuary)
  A jelly (D:4)
  Ijyb (D:3)
  An iguana (D:4)
  An orc wizard (D:4)
  A killer bee zombie (Ossuary)
  2 mummies (Ossuary)
  Robin (D:2)
  7 gnolls
  9 adders
  A worm (D:4)
  3 dart slugs
  4 orcs
  6 endoplasms
  A giant cockroach (D:4)
  13 goblins
  12 hobgoblins
  4 jackals (D:3)
  2 quokkas
  3 ball pythons
  4 bats
  3 frilled lizards (D:2)
  5 kobolds
  5 rats
95 creatures vanquished.

Vanquished Creatures (others)
  5 withered plants (Ossuary)
5 creatures vanquished.

Grand Total: 100 creatures vanquished

Notes
Turn   | Place    | Note
-------+----------+-------------------------------------------
     0 | D:1      | BigDaddyOpFi the Ogre Air Elementalist began the quest for
                  | the Orb.
     0 | D:1      | Reached XP level 1. HP: 16/16 MP: 3/3
   165 | D:1      | Reached skill level 1 in Conjurations
   306 | D:1      | Reached XP level 2. HP: 16/24 MP: 3/5
   832 | D:2      | Reached XP level 3. HP: 17/31 MP: 2/7
   871 | D:2      | Gained mutation: You have sharp fingernails. [potion of
                  | mutation]
   871 | D:2      | Gained mutation: You occasionally shout uncontrollably at
                  | your foes. [potion of mutation]
   871 | D:2      | Gained mutation: You are somewhat resistant to further
                  | mutation. [potion of mutation]
   877 | D:2      | Lost mutation: You occasionally shout uncontrollably at
                  | your foes. [potion of mutation]
   877 | D:2      | Lost mutation: You have sharp fingernails. [potion of
                  | mutation]
  1010 | D:2      | Reached XP level 4. HP: 5/39 MP: 1/8
  1273 | D:2      | Learned a level 2 spell: Static Discharge
  1654 | D:2      | Found a sparkling altar of Nemelex Xobeh.
  1912 | D:2      | Found a faded altar of an unknown god.
  2372 | D:3      | Noticed Ijyb
  2403 | D:3      | Killed Ijyb
  2404 | D:3      | Reached XP level 5. HP: 43/45 MP: 0/9
  2684 | D:3      | Noticed Robin
  2815 | D:2      | Killed Robin
  2816 | D:2      | Reached skill level 1 in Maces & Flails
  3628 | D:4      | Reached XP level 6. HP: 42/53 MP: 7/11
  4827 | D:4      | Noticed a black bear
  4835 | D:4      | Killed a black bear
  5202 | D:4      | Identified the +1 scale mail of the Riding Ghosts {rPois
                  | Int+2 Dex+6}
  5222 | D:4      | Found Oneinlox's Weapon Shoppe.
  5294 | D:4      | Identified the +3 sling "Naxoresh" {speed, Int+3 Stlth+}
  5310 | D:4      | Reached XP level 7. HP: 35/59 MP: 1/12
  5400 | D:4      | Found Muilo's Assorted Antiques.
  5796 | D:4      | Found Ifijoa's Antique Armour Boutique.
  6241 | D:5      | Entered Level 5 of the Dungeon
  6264 | D:5      | Found Sickustri's Antique Armour Boutique.
  6281 | D:5      | Found a shadowy altar of Dithmenos.
  6314 | D:5      | Found a sand-covered staircase.
  6323 | Ossuary  | Entered an ossuary
  6442 | Ossuary  | Slain by a bog mummy

Illustrated notes

Levels and vault maps discovered:
D:1:      dpeg_arrival_simpleton_c, layout_loops_ring
D:2:      layout_loops_cross, basic_altar, hellmonk_ecumenical_altar_blasted,
          chequers_mini_garden
D:3:      layout_basic, minivault_23, dreamdust_princess_corridor,
          grunt_ministairs_6, minmay_statues_item, uniq_ijyb, uniq_robin
D:4:      layout_cave_pools, serial_rivers, chequers_serial_rivers_small_b,
          chequers_serial_rivers_large_b, chequers_serial_rivers_micro_e,
          chequers_serial_rivers_room_a, chequers_serial_rivers_marsh,
          chequers_serial_rivers_room_a, serial_shops,
          nicolae_shop_advertising_works [nicolae_subvault_shop_adworks],
          nicolae_shop_crystal, kennysheep_little_box, dk_noncrumbling_2,
          grunt_ministairs_4
D:5:      layout_cave_pods, nicolae_dithmenos_shadow_blocks,
          nicolae_ossuary_entry_monument, serial_shops, kennysheep_mini_moat,
          uniq_duvessa
Ossuary:  ossuary_zaba_flooded

Skill      XL: |  1  2  3  4  5  6  7 |
---------------+----------------------+-----
Conjurations   | 1 2 |  2.8
Dodging        | 2 3 |  3.5
Air Magic      | 3 4 |  4.6
Spellcasting   | 3 4 |  4.2
Stealth        | 2 3 |  3.0
Maces & Flails | 1 2 |  2.2

Action                     |  1- 3 |  4- 6 |  7- 9 || total
---------------------------+-------+-------+-------++-------
  Melee: Unarmed           |    51 |    10 |       ||    61
         Flail             |       |    58 |    54 ||   112
         Punch             |       |     2 |       ||     2
   Cast: Shock             |    39 |   110 |    34 ||   183
         Static Discharge  |       |    29 |    11 ||    40
    Use: Potion            |     6 |     3 |     3 ||    12
         Scroll            |       |     4 |     9 ||    13
   Stab: Sleeping          |     3 |       |     1 ||     4
 Armour: Robe              |    23 |    35 |    18 ||    76
         Skin              |       |     4 |       ||     4
  Dodge: Dodged            |    68 |   102 |    52 ||   222

Table legend: (Time is in decaauts)
 A = Elapsed time spent in this place.
 B = Non-inter-level travel time spent in this place.
 C = Inter-level travel time spent in this place.
 D = Time resting spent in this place.
 E = Time spent auto-exploring this place.
 F = Levels seen in this place.
 G = Mean time per level.
                   A        B        C        D        E       F      G
               +--------+--------+--------+--------+--------+-----+--------+
         Total |   6448 |   6367 |     81 |   2059 |   3339 |   6 | 1074.7 |
       Dungeon |   6321 |   6240 |     81 |   2007 |   3336 |   5 | 1264.2 |
       Ossuary |    127 |    127 |      0 |     52 |      3 |   1 |  127.0 |
               +--------+--------+--------+--------+--------+-----+--------+

Top non-repeatable levels by time:
     D:4: 1930 daAuts
     D:3: 1836 daAuts
     D:2: 1655 daAuts
     D:1: 816 daAuts
 Ossuary: 127 daAuts
     D:5: 81 daAuts
